 Dungeon Crawl Stone Soup version 0.23.2-30-g0e89c35649 (webtiles) character file.

Game seed: 15130256004084749158

265 Matador8 the Conjurer (level 5, -1/38 HPs)
             Began as a Draconian Conjurer on June 20, 2019.
             Was a Follower of Dithmenos.
             Slain by a centaur (5 damage)
             ... on level 6 of the Dungeon.
             The game lasted 00:23:11 (3549 turns).

Matador8 the Conjurer (Draconian Conjurer)          Turns: 3549, Time: 00:23:12

Health: -1/38      AC:  7    Str: 11    XL:     5   Next: 99%
Magic:  1/9        EV: 12    Int: 16    God:    Dithmenos [*.....]
Gold:   145        SH:  0    Dex: 11    Spells: 6/10 levels left

rFire    . . .     SeeInvis .   c - +0 short sword
rCold    . . .     Gourm    .   (no shield)
rNeg     . . .     Faith    .   (armour unavailable)
rPois    .         Spirit   .   (helmet restricted)
rElec    .         Reflect  .   l - +0 cloak
rCorr    .         Harm     .   a - +0 pair of gloves
MR       .....                  (no boots)
Stlth    ++........             (no amulet)
HPRegen  0.12/turn              (no ring)
MPRegen  0.11/turn              (no ring)

@: wreathed by umbra
A: unfitting armour, cold-blooded, AC +5
a: Renounce Religion


You were on level 6 of the Dungeon.
You worshipped Dithmenos.
Dithmenos was aware of your devotion.
You were not hungry.

You visited 1 branch of the dungeon, and saw 5 of its levels.

You collected 145 gold pieces.

Inventory:

Hand Weapons
 c - a +0 short sword (weapon)
Armour
 a - a +0 pair of gloves (worn)
 l - a +0 cloak (worn)
Scrolls
 d - a scroll of teleportation {unknown}
 e - 2 scrolls of remove curse {unknown}
 h - 4 scrolls of identify {unknown}
Potions
 g - 2 potions of brilliance {unknown}
 j - a potion of magic {unknown}
 m - a potion of berserk rage {unknown}
 n - a potion of ambrosia {unknown}
Comestibles
 b - 5 rations
 f - 4 chunks of flesh


   Skills:
 - Level 2.3 Short Blades
 - Level 1.7 Dodging
 - Level 1.7 Stealth
 - Level 3.2 Spellcasting
 - Level 5.1 Conjurations
 + Level 1.1 Hexes
 + Level 2.7 Invocations


You had 6 spell levels left.
You knew the following spells:

 Your Spells              Type           Power        Failure   Level  Hunger
a - Magic Dart            Conj           ###.         2%          1    None
b - Dazzling Spray        Conj/Hex       ##....       16%         3    ###....

Your spell library contained the following spells:

 Spells                   Type           Power        Failure   Level  Hunger
 Searing Ray              Conj           ###...       3%          2    ##.....
 Iskenderun's Mystic Bla  Conj           ###.....     22%         4    ####...
 Fulminant Prism          Conj/Hex       ##........   45%         4    ####...
 Force Lance              Conj/Tloc      ##......     54%         4    ####...


Dungeon Overview and Level Annotations

Branches:
Dungeon (4/15)
 Temple: D:4-7

Altars:
Ashenzari
Dithmenos
Makhleb
Sif Muna
Wu Jian
Yredelemnul
The Shining One


Innate Abilities, Weirdness & Mutations

Your plain brown scales are hard. (AC +5)
You cannot fit into any form of body armour.
You are cold-blooded and may be slowed by cold attacks.


Message History

The centaur barely misses you. The kobold hits you but does no damage.
The centaur hits you.
You hit the kobold but do no damage.
The kobold is heavily wounded.
The centaur misses you.
The kobold hits you with a +0 short sword.
You hit the kobold.
You kill the kobold!
Dithmenos accepts your kill. The centaur closely misses you.
The centaur hits you.
You barely miss the orc wizard. The centaur closely misses you.
The orc wizard points at you and mumbles some strange words.
You resist with some effort.
You barely miss the orc wizard. The centaur hits you.
The orc wizard barely misses you. The centaur hits you!
* * * LOW HITPOINT WARNING * * *
You closely miss the orc wizard.
A jackal comes into view.
The centaur hits you.
You die...

.# .. .# #># .# #..
.# # #... .#h#
###...#### .#.####
.........###.......
..........c........
.........#o@######
.##..(##.#..# #.!.
#.#..# .##.. #c#..#
.#### #.#... . .#
#o#.#... ###.#
####(#...#.
###..?####(.(........
.........K.##........


You could see a centaur, an orc wizard and a jackal (wandering).

Vanquished Creatures
  An orc priest (D:3)
  A centaur skeleton (D:6)
  An orc wizard (D:2)
  2 worker ants (D:4)
  4 gnolls
  An adder (D:2)
  A worm (D:2)
  2 dart slugs
  3 leopard geckos
  3 orcs
  9 bats
  3 giant cockroaches
  5 goblins
  10 hobgoblins
  6 jackals
  8 kobolds
  A ball python (D:1)
  3 frilled lizards
  2 rats
66 creatures vanquished.

Notes
Turn   | Place    | Note
-------+----------+-------------------------------------------
     0 | D:1      | Matador8 the Draconian Conjurer began the quest for the
                  | Orb.
     0 | D:1      | Reached XP level 1. HP: 14/14 MP: 3/3
   203 | D:1      | Reached XP level 2. HP: 20/20 MP: 0/5
   741 | D:1      | Reached XP level 3. HP: 24/26 MP: 2/6
   793 | D:1      | Reached skill level 1 in Short Blades
  1415 | D:2      | Found a shadowy altar of Dithmenos.
  1455 | D:2      | Became a worshipper of Dithmenos the Shadowed
  1496 | D:2      | Found a deep blue altar of Sif Muna.
  1648 | D:2      | Reached skill level 5 in Conjurations
  1648 | D:2      | Reached XP level 4. HP: 22/33 MP: 0/7
  1986 | D:2      | Found a burning altar of Makhleb.
  2175 | D:2      | Found a glowing golden altar of the Shining One.
  2195 | D:2      | Found a basalt altar of Yredelemnul.
  2358 | D:2      | Noticed an angel
  2434 | D:3      | Found a shattered altar of Ashenzari.
  2449 | D:3      | Reached skill level 1 in Invocations
  2449 | D:3      | Reached XP level 5. HP: 36/38 MP: 1/9
  2553 | D:3      | You fall through a shaft!
  2576 | D:4      | Found an ornate altar of the Wu Jian Council.
  2946 | D:4      | Reached * piety under Dithmenos
  3225 | D:4      | Learned a level 3 spell: Dazzling Spray
  3484 | D:4      | You fall through a shaft for 2 floors!
  3493 | D:6      | Reached skill level 1 in Hexes
  3511 | D:6      | Noticed a centaur
  3549 | D:6      | Slain by a centaur

Skill      XL: |  1  2  3  4  5 |
---------------+----------------+-----
Short Blades   | 2 |  2.3
Conjurations   | 5 |  5.1
Invocations    | 1 2 |  2.7
Spellcasting   | 3 |  3.2
Hexes          | 1 |  1.1
Dodging        | |  1.7
Stealth        | |  1.7

Action                   |  1- 3 |  4- 6 || total
-------------------------+-------+-------++-------
Melee: Unarmed           |     9 |       ||     9
       Short sword       |    65 |    51 ||   116
       Tailslap          |     4 |     5 ||     9
 Cast: Magic Dart        |    67 |    98 ||   165
  Use: Potion            |       |     3 ||     3
 Stab: Sleeping          |     3 |     3 ||     6
       Distracted        |     1 |       ||     1
  Eat: Chunk             |     3 |     3 ||     6
       Ration            |       |     1 ||     1
Armor: Skin              |    59 |    53 ||   112
Dodge: Dodged            |    88 |   126 ||   214
